 Dungeon Crawl Stone Soup version 0.31-a0-150-g89dc3ad700 (webtiles) character file.

Game seed: 684909144551388964

3376 Faragor the Thaumaturge (level 9, -5/45 HPs)
             Began as a Deep Elf Conjurer on June 8, 2023.
             Slain by a two-headed ogre
             ... wielding a +0 giant club
              (6 damage)
             ... on level 8 of the Dungeon.
             The game lasted 00:26:09 (12369 turns).

Faragor the Thaumaturge (Deep Elf Conjurer)        Turns: 12369, Time: 00:26:10

Health: -5/45      AC: 10    Str:  4    XL:     9   Next: 74%
Magic:  15/25      EV: 13    Int: 28    God:
Gold:   347        SH:  5    Dex: 13    Spells: 15/29 levels left

rFire   . . .        g - +2 short sword (venom)
rCold   . . .        (no shield)
rNeg    . . .        a - +0 robe
rPois   .            E - +2 hat
rElec   .            D - +0 cloak
rCorr   .            (no gloves)
SInv    +            z - +0 pair of boots
Will    .....        y - amulet of reflection
Stlth   ++++         d - +4 ring of protection
HPRegen 0.27/turn    i - ring of see invisible
MPRegen 0.19/turn

%: reflection
@: no status effects
A: no striking features
a: no special abilities


You were on level 8 of the Dungeon.
You visited 1 branch of the dungeon, and saw 8 of its levels.

You collected 347 gold pieces.

Inventory:

Hand Weapons
 g - a +2 short sword of venom (weapon)
 k - a +4 mace of holy wrath
Armour
 a - a +0 robe (worn)
 l - a +0 helmet
 w - the +4 ring mail "Zuymm" {rPois Dex+6}
   (You found it on level 4 of the Dungeon)

   Dex:       It affects your dexterity (+6).
   rPois:     It protects you from poison.
 z - a +0 pair of boots (worn)
 D - a +0 cloak (worn)
 E - a +2 hat (worn)
Jewellery
 d - a +4 ring of protection (left hand)
 i - a ring of see invisible (right hand)
 m - a ring of protection from fire
 r - a ring of protection from cold
 y - an amulet of reflection (around neck)
Wands
 x - a wand of charming (8)
Scrolls
 h - a scroll of magic mapping
 n - a scroll of torment
 t - 2 scrolls of enchant weapon
 v - 4 scrolls of amnesia
 A - 2 scrolls of teleportation {unknown}
 B - 2 scrolls of identify
 C - a scroll of summoning {unknown}
Potions
 b - 2 potions of magic
 c - a potion of resistance {unknown}
 e - 2 potions of cancellation
 f - 7 potions of curing
 j - a potion of attraction
 o - 4 potions of might {unknown}
 p - 2 potions of heal wounds {unknown}
 q - a potion of berserk rage {unknown}
 s - 3 potions of mutation
 u - a potion of lignification {unknown}


   Skills:
 - Level 3.2 Dodging
 * Level 10.7 Stealth
 * Level 10.9 Spellcasting
 + Level 7.6 Conjurations
 + Level 6.8 Hexes


You had 15 spell levels left.
You knew the following spells:

 Your Spells              Type           Power      Damage    Failure   Level
a - Magic Dart            Conj           100%       1d8       1%          1
b - Searing Ray           Conj           100%       2d8       1%          2
c - Fulminant Prism       Conj/Hex       26%        3d13      1%          4
d - Iskenderun's Mystic   Conj/Tloc      36%        2d9       8%          4
e - Vampiric Draining     Necr           15%        2d7       11%         3

Your spell library contained the following spells:

 Spells                   Type           Power      Damage    Failure   Level
 Dazzling Flash           Conj/Hex       100%       N/A       1%          3
 Necrotise                Necr           60%        1d7       3%          1
 Agony                    Necr           15%        N/A       71%         5


Dungeon Overview and Level Annotations

Branches:
Dungeon (8/15)             Temple (0/1) D:7
   Lair: D:8-11

Altars:
Okawaru
Qazlal
Ru
Trog
Vehumet
Xom
Zin

Shops:
D:5 *   D:7 *(*

Annotations:
D:5 3 runed translucent doors, Crazy Yiuf; FelidPro's ghost, novice OpAE
D:7 maggie basso destra, Maggie


Message History

A fulminant prism comes into view.
Your fulminant prism crackles loudly.
The two-headed ogre hits your fulminant prism with a +0 giant club!!
Your fulminant prism explodes!
The blast of energy engulfs the two-headed ogre!!
The two-headed ogre is moderately wounded.
You hear an angry buzzing noise.
Casting: Fulminant Prism (dangerous; 1% risk of failure)
Confirm with . or Enter, or press ? or * to list all spells.
You don't know that spell.
Casting: Fulminant Prism (dangerous; 1% risk of failure)
Confirm with . or Enter, or press ? or * to list all spells.
Aiming: Searing Ray (safe; 1% risk of failure)
Press: ? - help, Shift-Dir - straight line, f - two-headed ogre
Aim: a two-headed ogre, wielding a +0 giant club and a +0 giant spiked club (moderately wounded, 92% to hit)
The searing ray hits the two-headed ogre!
The two-headed ogre is heavily wounded. (Press . to maintain the ray.)
The searing ray hits the two-headed ogre.
The two-headed ogre is severely wounded.
The searing ray hits the two-headed ogre!
The two-headed ogre is severely wounded.
The searing ray hits the two-headed ogre.
The two-headed ogre is almost dead.
You finish channelling your searing ray.
The two-headed ogre hits you with a +0 giant club!!
You block the two-headed ogre's attack.
Casting: Searing Ray (safe; 1% risk of failure)
Confirm with . or Enter, or press ? or * to list all spells.
Aiming: Searing Ray (safe; 1% risk of failure)
Press: ? - help, Shift-Dir - straight line, f/p - two-headed ogre
Aim: a two-headed ogre, wielding a +0 giant club and a +0 giant spiked club (almost dead, 92% to hit)
The searing ray hits the two-headed ogre.
The two-headed ogre is almost dead. (Press . to maintain the ray.)
The two-headed ogre hits you with a +0 giant club!!
Ouch! That really hurt!
* * * LOW HITPOINT WARNING * * *
The two-headed ogre hits you with a +0 giant spiked club.
You die...

######..## #..
#).# #.# #..#
#.# #..# #.#
#..# ... #..#
#.# #..#
###.###.####..#
......O@......#
..>#.##.#####.#
#..#####.#
#........#
##########


You could see a two-headed ogre.

Vanquished Creatures
  Prince Ribbit (D:5)
  5 yaks
  A wyvern (D:7)
  An acid dragon (D:6)
  4 water moccasins
  3 ice beasts
  A sky beast (D:7)
  4 black bears
  An ogre (D:5)
  2 phantoms
  A centaur (D:6)
  2 bullfrogs (D:7)
  5 scorpions
  A howler monkey (D:5)
  A hound (D:5)
  2 orc priests
  A sleepcap (D:5)
  An orc wizard (D:5)
  7 adders
  4 dart slugs
  6 orcs
  3 endoplasms
  4 giant cockroaches
  7 goblins
  7 hobgoblins
  4 jackals
  4 quokkas
  6 ball pythons
  3 bats (D:1)
  3 frilled lizards
  6 kobolds
  A quokka zombie (D:4)
  6 rats
  A rat zombie (D:4)
109 creatures vanquished.

Vanquished Creatures (others)
  7 fulminant prisms
7 creatures vanquished.

Grand Total: 116 creatures vanquished

Notes
Turn   | Place    | Note
-------+----------+-------------------------------------------
     0 | D:1      | Faragor the Deep Elf Conjurer began the quest for the Orb.
     0 | D:1      | Reached XP level 1. HP: 10/10 MP: 6/6
   224 | D:1      | Reached XP level 2. HP: 15/15 MP: 2/8
   549 | D:1      | Found a faded altar of an unknown god.
   992 | D:1      | Learned a level 2 spell: Searing Ray
  1218 | D:2      | Reached XP level 3. HP: 19/19 MP: 5/10
  2527 | D:3      | Reached XP level 4. HP: 24/24 MP: 7/12
  2657 | D:3      | Learned a level 4 spell: Fulminant Prism
  2662 | D:3      | Learned a level 4 spell: Iskenderun's Mystic Blast
  3346 | D:4      | Noticed a black bear
  3352 | D:4      | Killed a black bear
  3353 | D:4      | Reached skill level 5 in Conjurations
  3353 | D:4      | Reached skill level 1 in Hexes
  3353 | D:4      | Reached XP level 5. HP: 28/28 MP: 5/14
  3478 | D:4      | Found a sand-covered staircase.
  3484 | D:4      | Noticed a black bear
  3491 | D:4      | Killed a black bear
  3492 | D:4      | Reached skill level 5 in Stealth
  3492 | D:4      | Reached skill level 5 in Spellcasting
  3492 | D:4      | Reached XP level 6. HP: 32/32 MP: 8/15
  4532 | D:4      | Identified the +4 ring mail "Zuymm" {rPois Dex+6}
  5148 | D:5      | Entered Level 5 of the Dungeon
  5148 | D:5      | Found a runed translucent door.
  5153 | D:5      | Found Pifis's Mayhem Merchandise.
  5178 | D:5      | Reached XP level 7. HP: 36/36 MP: 9/18
  5698 | D:5      | Noticed Prince Ribbit
  5709 | D:5      | Killed Prince Ribbit
  6516 | D:5      | Found a runed translucent door.
  6517 | D:5      | Noticed Crazy Yiuf
  6664 | D:5      | Found a radiant altar of Vehumet.
  6671 | D:5      | Reached XP level 8. HP: 41/41 MP: 14/21
  6910 | D:5      | Found a stormy altar of Qazlal.
  6914 | D:5      | Found a glowing silver altar of Zin.
  6914 | D:5      | Found a bloodstained altar of Trog.
  6914 | D:5      | Found a sacrificial altar of Ru.
  6982 | D:5      | Found a runed translucent door.
  7609 | D:5      | Noticed FelidPro's ghost (novice OpAE)
  7869 | D:5      | Learned a level 3 spell: Vampiric Draining
  8493 | D:6      | Reached skill level 5 in Hexes
  9022 | D:6      | Found a shimmering altar of Xom.
  9320 | D:6      | Reached XP level 9. HP: 35/45 MP: 15/24
  9651 | D:6      | Reached skill level 10 in Spellcasting
  9654 | D:6      | Reached skill level 10 in Stealth
 10625 | D:7      | Found Ithuuffi's Antique Weapon Boutique.
 10791 | D:7      | Found a staircase to the Ecumenical Temple.
 10832 | D:7      | Found Baryqor's Assorted Antiques.
 10915 | D:7      | Found an iron altar of Okawaru.
 11814 | D:7      | Found Dosamaig's Assorted Antiques.
 12079 | D:7      | Noticed Maggie
 12360 | D:8      | Noticed a two-headed ogre
 12369 | D:8      | HP: 1/45 [two-headed ogre/+0 giant club (23)]
 12369 | D:8      | Slain by a two-headed ogre

Illustrated notes

Levels and vault maps discovered:
D:1:      spicycebolla_arrival_xxxplode, layout_loops_ring,
          basic_ecumenical_altar
D:2:      layout_loops_cross, minivault_4, guppyfry_early_lair_pool
D:3:      wander_river, layout_basic
D:4:      layout_basic, enter_ossuary_4
D:5:      layout_loops_ring, minitemple,
          mainiacjoe_overflow_concentric_impassable, ebering_ghost_sewer_f,
          minmay_shop_mayhem, uniq_crazy_yiuf_cottage, uniq_prince_ribbit1
D:6:      layout_rooms, mainiacjoe_overflow_24_doors
D:7:      layout_basic, okawaru_ov_weapons_minmay,
          minmay_temple_entry_drinking_statues, serial_shops,
          nicolae_shop_tiny_glass, shop, nicolae_shop_tiny_waterfront,
          uniq_maggie
D:8:      layout_basic, gammafunk_temple_overflow_statue,
          ebering_ghost_disaster_area, uniq_amaemon

Skill      XL: |  1  2  3  4  5  6  7  8  9 |
---------------+----------------------------+-----
Stealth        | 3 4 5 6 7 9 10 | 10.7
Dodging        | 3 |  3.2
Spellcasting   | 4 5 6 7 9 10 | 10.9
Conjurations   | 5 6 7 |  7.6
Hexes          | 1 2 3 4 5 6 |  6.8

Action                     |  1- 3 |  4- 6 |  7- 9 || total
---------------------------+-------+-------+-------++-------
  Melee: Unarmed           |    11 |       |       ||    11
         Short sword       |     3 |       |     2 ||     5
   Cast: Magic Dart        |    70 |    42 |    40 ||   152
         Searing Ray       |     4 |    15 |    49 ||    68
         Fulminant Prism   |       |       |     7 ||     7
    Use: Scroll            |       |     6 |     2 ||     8
   Stab: Sleeping          |     1 |       |       ||     1
 Armour: Robe              |    10 |     3 |    23 ||    36
  Dodge: Dodged            |    11 |     6 |    34 ||    51
  Block: Other             |       |       |    18 ||    18
         Reflection        |       |       |     2 ||     2

Table legend: (Time is in decaauts)
 A = Elapsed time spent in this place.
 B = Non-inter-level travel time spent in this place.
 C = Inter-level travel time spent in this place.
 D = Time resting spent in this place.
 E = Time spent auto-exploring this place.
 F = Levels seen in this place.
 G = Mean time per level.
                   A        B        C        D        E       F      G
               +--------+--------+--------+--------+--------+-----+--------+
         Total |  12386 |  12071 |    315 |   6099 |   4618 |   8 | 1548.2 |
       Dungeon |  12386 |  12071 |    315 |   6099 |   4618 |   8 | 1548.2 |
               +--------+--------+--------+--------+--------+-----+--------+

Top non-repeatable levels by time:
     D:5: 3003 daAuts
     D:7: 2269 daAuts
     D:4: 2064 daAuts
     D:6: 1920 daAuts
     D:3: 1124 daAuts
     D:1: 1002 daAuts
     D:2: 970 daAuts
     D:8: 31 daAuts
